AoeStats
← oddswill

Arena

508801272Analyzed
2v2 RM · 7d ago on Sep 24, 2026· 54m 15s· 4 players
Game mode
Random Map
Map size
Medium (4 player)
Population
200
Speed
Normal
Resources
Standard
Victory
Conquest
Starting age
Dark Age
Ending age
Imperial Age
RankedLock teamsTeams togetherTeam positionsShared explorationLock speedFull tech treeHidden civsTurbo modeCheats
Victory
Defeat
🇨🇴 Byzantines · Colombia
554
+16
🇨🇴 Spanish · Colombia
514
+18
🇺🇸 Khmer · United States
566
-17
🇺🇸 Khmer · United States
554
-17
SetaSojiro01
4:21 Loom
12:48 Feudal Age
19:06 Castle Age
18:14 Forging
18:07 Stone Mining
19:33 Scale Mail Armor
20:25 Pikeman
21:23 Scale Barding Armor
22:28 Fletching
24:32 Stone Shaft Mining
31:59 Chain Barding Armor
32:03 Bodkin Arrow
37:28 Imperial Age
35:43 Iron Casting
40:02 Gold Mining
40:16 Bracer
41:03 Onager
45:40 Wheelbarrow
44:58 Double-Bit Axe
44:57 Horse Collar
46:53 Bow Saw
46:45 Elite Cataphract
48:57 Hoardings
48:58 Murder Holes
49:24 Ballistics
50:56 Conscription
51:02 Conscription
55:05 Two-Man Saw
rafaeldelfascio
1:55 Loom
10:18 Feudal Age
11:22 Double-Bit Axe
15:11 Gold Mining
15:07 Horse Collar
20:29 Castle Age
19:04 Stone Mining
24:28 Bow Saw
24:39 Heavy Plow
27:15 Stone Shaft Mining
27:20 Caravan
27:51 Coinage
31:09 Pikeman
31:50 Squires
31:36 Arson
34:48 Husbandry
34:11 Light Cavalry
35:04 Bloodlines
40:29 Imperial Age
38:44 Sanctity
38:31 Scale Mail Armor
41:14 Hussar
43:53 Halberdier
49:55 Scale Barding Armor
49:41 Fletching
49:52 Padded Archer Armor
50:03 Forging
49:43 Elite Conquistador
oddswill
9:39 Feudal Age
10:06 Double-Bit Axe
10:59 Wheelbarrow
13:12 Horse Collar
16:23 Gold Mining
22:48 Castle Age
22:08 Bloodlines
25:30 Hand Cart
26:48 Bow Saw
27:50 Husbandry
35:31 Town Watch
36:11 Ballistics
36:04 Masonry
35:50 Murder Holes
36:08 Scale Barding Armor
38:28 Town Patrol
40:17 Elite Skirmisher
49:03 Gold Shaft Mining
48:18 Stone Mining
49:48 Chain Barding Armor
49:20 Fletching
49:41 Forging
49:32 Padded Archer Armor
49:27 Guard Tower
52:37 Tusk Swords
56:11 Imperial Age
53:27 Light Cavalry
sadsciencee
5:30 Loom
11:22 Feudal Age
14:29 Castle Age
12:55 Double-Bit Axe
14:24 Bloodlines
15:04 Scale Barding Armor
15:16 Forging
17:12 Horse Collar
20:06 Scale Barding Armor
21:58 Gold Mining
22:41 Husbandry
28:28 Fletching
29:00 Chain Barding Armor
29:23 Crossbowman
32:00 Elite Skirmisher
34:13 Bodkin Arrow
38:50 Light Cavalry
40:00 Padded Archer Armor
45:04 Iron Casting
51:30 Bow Saw
Connection lost

Rejoining the realm…

Still unreachable

The connection could not be restored.

Session expired

The server has moved on; the page needs a fresh start.